 Dungeon Crawl Stone Soup version 0.24-a0-779-g36f0aeb843 (webtiles) character file.

Game seed: 6561978393517664962, levelgen mode: deterministic

104731 Johnny the Earth Mage (level 15, -3/132 HPs)
             Began as a Demigod Earth Elementalist on Oct 8, 2019.
             Slain by a two-headed ogre
             ... wielding a +0 giant club
              (27 damage)
             ... on level 2 of the Orcish Mines.
             The game lasted 00:48:56 (29613 turns).

Johnny the Earth Mage (Demigod Earth Elementalist) Turns: 29613, Time: 00:48:57

Health: -3/132     AC: 13    Str: 16    XL:     15   Next: 45%
Magic:  5/35       EV: 29    Int: 29    God:
Gold:   3112       SH:  0    Dex: 21    Spells: 23/36 levels left

rFire    . . .     SeeInvis .   K - +9 spear (elec)
rCold    . . .     Gourm    .   (no shield)
rNeg     . . .     Faith    .   e - +4 troll leather armour
rPois    .         Spirit   .   D - +1 hat of Oblivion {rElec MR+ Str+5 Stlth-}
rElec    +         Reflect  .   t - +1 cloak
rCorr    .         Harm     +   A - +0 pair of gloves
MR       ++...                  X - +0 pair of boots {run}
Stlth    ++........             j - amulet of harm
HPRegen  0.72/turn              V - +2 ring of evasion
MPRegen  0.24/turn              r - ring of wizardry

@: agile, quick
A: high mp 1
a: no special abilities


You were on level 2 of the Orcish Mines.
You were very hungry.

You visited 4 branches of the dungeon, and saw 24 of its levels.
You also visited: Ossuary, Ice Cave and Volcano.

You collected 3112 gold pieces.

Inventory:

Hand Weapons
 K - a +9 spear of electrocution (weapon)
Missiles
 b - 223 stones (quivered)
Armour
 e - a +4 troll leather armour (worn)
 t - a +1 cloak (worn)
 A - a +0 pair of gloves (worn)
 D - the +1 hat of Oblivion (worn) {rElec MR+ Str+5 Stlth-}
   (You acquired it on level 15 of the Dungeon)

   It affects your strength (+5).
   It insulates you from electricity.
   It affects your resistance to hostile enchantments.
   It makes you less stealthy.
 X - a +0 pair of boots of running (worn)
Magical Staves
 o - an uncursed staff of power
 O - an uncursed staff of energy {unknown}
 U - an uncursed staff of air {unknown}
Jewellery
 a - an uncursed ring of wizardry
 j - an amulet of harm (around neck)
 r - a ring of wizardry (right hand)
 J - an uncursed ring of see invisible
 V - a +2 ring of evasion (left hand)
 W - an uncursed ring of resist corrosion
Wands
 g - a wand of polymorph (14)
 q - a wand of paralysis (14)
 w - a wand of acid (3)
 M - a wand of disintegration (12)
 N - a wand of random effects (53)
 R - a wand of iceblast (5)
 S - a wand of scattershot (9)
Scrolls
 c - a scroll of teleportation
 i - 9 scrolls of remove curse
 k - 4 scrolls of amnesia
 n - 4 scrolls of noise
 x - a scroll of torment
 y - 4 scrolls of fog
 E - 2 scrolls of silence
 F - 6 scrolls of fear
 G - 2 scrolls of holy word
 Z - a scroll of enchant weapon
Potions
 f - 6 potions of lignification
 h - 5 potions of heal wounds
 l - a potion of agility
 m - 2 potions of mutation
 p - 5 potions of curing
 s - 2 potions of cancellation
 v - 8 potions of degeneration
 z - 2 potions of brilliance {unknown}
 B - 2 potions of flight
 C - 2 potions of magic {unknown}
 H - a potion of haste
 I - 5 potions of might {unknown}
 P - a potion of ambrosia
 T - 4 potions of resistance
Miscellaneous
 L - a lamp of fire
Comestibles
 d - 29 rations


   Skills:
 + Level 11.9 Fighting
 + Level 12.1 Dodging
 - Level 1.7 Stealth
 + Level 11.2 Spellcasting
 - Level 0.8 Transmutations
 * Level 16.3 Earth Magic


You had 23 spell levels left.
You knew the following spells:

 Your Spells              Type           Power        Failure   Level  Hunger
a - Sandblast             Erth           ######       0%          1    None
b - Stone Arrow           Conj/Erth      ######       1%          3    None
c - Lee's Rapid Deconstr  Erth           #######...   1%          5    ###....
d - Petrify               Tmut/Erth      ######..     1%          4    None

Your spell library contained the following spells:

 Spells                   Type           Power        Failure   Level  Hunger
 Animate Skeleton         Necr           N/A          1%          1    None
 Apportation              Tloc           ###...       1%          1    None
 Beastly Appendage        Tmut           ###...       1%          1    None
 Corona                   Hex            ###....      1%          1    None
 Freeze                   Ice            ###.         1%          1    None
 Pain                     Necr           ###.         1%          1    None
 Summon Butterflies       Summ           ###.....     1%          1    None
 Summon Small Mammal      Summ           ###.         1%          1    None
 Passwall                 Tmut/Erth      ######..     1%          2    None
 Sticks to Snakes         Tmut           ###.....     1%          2    None
 Call Imp                 Summ           ###.....     2%          2    None
 Ensorcelled Hibernation  Hex/Ice        ###...       2%          2    None
 Throw Frost              Conj/Ice       ###...       2%          2    None
 Call Canine Familiar     Summ           ###.....     4%          3    None
 Confuse                  Hex            ###.....     4%          3    None
 Dazzling Spray           Conj/Hex       ###...       4%          3    None
 Lesser Beckoning         Tloc           ###.......   4%          3    None
 Ozocubu's Armour         Chrm/Ice       ###.....     4%          3    None
 Regeneration             Chrm/Necr      ###.......   4%          3    None
 Spider Form              Tmut/Pois      ###.......   4%          3    None
 Summon Guardian Golem    Hex/Summ       ###.....     4%          3    None
 Tukima's Dance           Hex            ###.....     4%          3    None
 Vampiric Draining        Necr           ###.......   4%          3    None
 Bolt of Magma            Conj/Fire/Erth #####.....   4%          5    ###....
 Statue Form              Tmut/Erth      ######...    8%          6    #####..
 Iron Shot                Conj/Erth      ######....   9%          6    #####..
 Ice Form                 Ice/Tmut       ###.....     14%         4    None
 Animate Dead             Necr           N/A          16%         4    None
 Summon Ice Beast         Ice/Summ       ###.....     16%         4    None
 Summon Lightning Spire   Summ/Air       ###.....     16%         4    None
 Throw Icicle             Conj/Ice       ###.....     16%         4    None
 Blade Hands              Tmut           ###.......   32%         5    ###....
 Alistair's Intoxication  Tmut/Pois      ###.....     34%         5    ###....
 Irradiate                Conj/Tmut      ###.......   34%         5    ###....
 Iskenderun's Battlesphe  Conj/Chrm      ###.....     41%         5    ###....
 Venom Bolt               Conj/Pois      ###.......   41%         5    ###....
 Hydra Form               Tmut           ###.......   85%         6    #####..
 Invisibility             Hex            ###.....     91%         6    #####..
 Dragon Form              Tmut           ###.......   100%        7    ######.
 Orb of Destruction       Conj           ###.......   100%        7    ######.
 Spellforged Servitor     Conj/Summ      ###.......   100%        7    ######.


Dungeon Overview and Level Annotations

Branches:
Dungeon (15/15)            Temple (0/1) D:7            Lair (6/6) D:8
 Shoals (0/4) Lair:2       Spider (0/4) Lair:3        Slime (1/5) Lair:5
    Orc (2/2) D:9             Elf (0/3) Orc:2        Depths (0/5) D:15
Ossuary (visited)           IceCv (visited)         Volcano (visited)
 Vaults: D:13-14

Annotations:
D:14 Azrael


Innate Abilities, Weirdness & Mutations

You have an increased reservoir of magic. (+10% MP)


Message History

The ogre mage casts a spell.
The ogre mage blinks!
Casting: Lee's Rapid Deconstruction (safe; 1% risk of failure)
Confirm with . or Enter, or press ? or * to list all spells.
Aiming: Lee's Rapid Deconstruction (safe; 1% risk of failure)
Press: ? - help, Dir - move target cursor A rock wall.
The wall shatters!
The blast of rock fragments hits the two-headed ogre!!
The two-headed ogre is almost dead.
The blast of rock fragments hits the two-headed ogre!!
The two-headed ogre is severely wounded.
The two-headed ogre hits you with a +0 giant club! x2
The two-headed ogre completely misses you. x2
The two-headed ogre misses you. The two-headed ogre closely misses you.
The two-headed ogre hits you with a +0 giant club!!
* * * LOW HITPOINT WARNING * * *
The two-headed ogre misses you.
The two-headed ogre hits you with a +0 giant club!!
You die...

###...[....).........
#..#[ยง.......#.....
#####O.[..........#
#.)..)(.[.##.#...
##.....[.<.#####.#
#OO.[[...[..## ##
####OO[[........#
##..#.O[.)........#
##....@[..........##
#......(..###.....# #
#......[### ###.....
#.#......[## ######
#.........##
###.......)#
#........# ###)....)#
#<..(..#


You could see 4 two-headed ogres and 2 ogres.

Vanquished Creatures
  Frances (D:13)
  A frost giant (IceCv)
  2 orc warlords (Orc:2)
  A stone giant (Orc:1)
  A red draconian (Volcano)
  Snorg (D:13)
  A vault guard (D:14)
  A rakshasa (D:12)
  Harold (D:10)
  7 hydras
  2 catoblepae
  3 ice dragons
  Erica (Lair:2)
  8 two-headed ogres
  3 ogre magi
  6 death yaks
  2 orc high priests (Orc:1)
  A tengu warrior (D:14)
  Sonja (D:13)
  The ghost of Kairok the Covert, a novice VSAs of Okawaru (D:8)
  3 unseen horrors
  An orange crystal statue (D:11)
  An orc knight (Orc:1)
  An orb spider (Lair:3)
  2 lindwurms (Lair:6)
  10 ugly things
  4 orc sorcerers
  2 deep elf magi
  2 cyclopes
  8 elephants
  A manticore (D:14)
  8 black mambas
  Joseph (D:10)
  An ice statue (IceCv)
  5 torpor snails (Lair:6)
  4 centaur skeletons
  9 rime drakes
  2 kobold demonologists (D:14)
  A rime drake (shapeshifter) (D:14)
  12 spiny frogs
  6 komodo dragons
  7 trolls
  8 hornets
  3 tyrant leeches (Lair:6)
  14 polar bears
  21 blink frogs
  4 slime creatures
  11 hippogriffs
  A snapping turtle (Lair:2)
  A wraith (D:14)
  2 shadows
  47 yaks
  A vampire (D:10)
  A spriggan (D:7)
  11 wyverns
  6 basilisks
  3 fire elementals (D:14)
  Grum (D:8)
  4 hungry ghosts
  5 wargs
  8 water moccasins
  A two-headed ogre zombie (D:9)
  3 hell hounds
  4 porcupines
  A soldier ant (D:10)
  29 orc warriors
  7 ice beasts
  Purgy (D:4)
  A phantom (D:9)
  2 eyes of draining
  11 ogres
  4 sky beasts
  7 necrophages
  5 black bears
  27 wolves
  6 centaurs
  7 crocodiles
  7 big kobolds
  17 bullfrogs
  2 wyvern zombies
  A gnoll sergeant (D:7)
  A water moccasin zombie (D:7)
  A water moccasin skeleton (D:9)
  9 scorpions
  19 killer bees
  5 wights (D:14)
  11 electric eels
  12 howler monkeys
  8 crimson imps
  4 bullfrog zombies
  15 hounds
  5 centaur zombies
  24 orc priests
  5 jellies
  A bullfrog skeleton (D:11)
  30 orc wizards
  3 iguanas
  6 worker ants
  7 ogre zombies (D:9)
  2 hound zombies (Ossuary)
  4 mummies (Ossuary)
  A worker ant zombie (D:9)
  A howler monkey zombie (D:6)
  13 adders
  2 shadow imps
  12 white imps (D:15)
  An ooze (D:4)
  An adder zombie (Ossuary)
  2 adder skeletons (D:4)
  5 worms
  2 dart slugs
  6 leopard geckos
  98 orcs
  3 giant cockroaches
  A gnoll zombie (Ossuary)
  8 goblins
  6 hobgoblins
  8 jackals
  4 quokkas
  3 ball pythons
  11 bats
  4 frilled lizards
  2 goblin skeletons (D:9)
  2 goblin zombies (D:9)
  A hobgoblin skeleton (D:9)
  5 hobgoblin zombies
  2 jackal zombies (Ossuary)
  25 kobolds
  2 kobold zombies (Ossuary)
  A leopard gecko skeleton (D:6)
  4 orc skeletons (D:9)
  13 orc zombies
  A quokka zombie (D:8)
  6 rats
  2 rat zombies (Ossuary)
  A fungus (Lair:1)
  A plant (Lair:6)
863 creatures vanquished.

Vanquished Creatures (others)
  A slime creature (D:14)
  An orc (D:12)
  A kobold (D:8)
  A bush (Lair:2)
  7 fungi
  19 plants
30 creatures vanquished.

Grand Total: 893 creatures vanquished

Notes
Turn   | Place    | Note
-------+----------+-------------------------------------------
     0 | D:1      | Johnny the Demigod Earth Elementalist began the quest for
                  | the Orb.
     0 | D:1      | Reached XP level 1. HP: 14/14 MP: 5/5
   158 | D:1      | Reached XP level 2. HP: 22/22 MP: 2/7
   179 | D:1      | Reached skill level 3 in Earth Magic
   973 | D:2      | Reached XP level 3. HP: 23/27 MP: 6/8
   995 | D:2      | Reached skill level 1 in Fighting
  1374 | D:2      | Reached XP level 4. HP: 22/35 MP: 7/10
  1493 | D:2      | Learned a level 3 spell: Stone Arrow
  2573 | D:4      | Noticed Purgy
  2582 | D:4      | Killed Purgy
  2582 | D:4      | Reached skill level 4 in Earth Magic
  2582 | D:4      | Reached XP level 5. HP: 27/41 MP: 6/11
  2718 | D:4      | Found a radiant altar of Vehumet.
  2824 | D:4      | Found an opulent altar of Gozag.
  3250 | D:4      | Reached XP level 6. HP: 48/48 MP: 13/13
  3484 | D:5      | Entered Level 5 of the Dungeon
  3486 | D:5      | Found a sand-covered staircase.
  3517 | Ossuary  | Entered an ossuary
  3612 | Ossuary  | Reached skill level 5 in Earth Magic
  3949 | D:5      | Reached XP level 7. HP: 34/56 MP: 15/15
  4327 | D:5      | Learned a level 5 spell: Lee's Rapid Deconstruction
  4633 | D:6      | Reached skill level 6 in Earth Magic
  4972 | D:6      | Reached XP level 8. HP: 62/66 MP: 13/17
  5286 | D:6      | You fall into a shaft and drop 2 floors!
  5291 | D:8      | Found an ornate altar of the Wu Jian Council.
  5591 | D:7      | Reached skill level 7 in Earth Magic
  5610 | D:7      | Reached skill level 5 in Dodging
  6218 | D:7      | Noticed a hornet
  6224 | D:7      | Killed a hornet
  6512 | D:7      | Reached XP level 9. HP: 52/73 MP: 19/19
  6691 | D:7      | Noticed a purple ugly thing
  6694 | D:7      | Killed a purple ugly thing
  6694 | D:7      | Reached skill level 5 in Fighting
  6694 | D:7      | Reached skill level 5 in Spellcasting
  6694 | D:7      | Reached skill level 8 in Earth Magic
  7416 | D:7      | Found a staircase to the Ecumenical Temple.
  7990 | D:7      | Reached skill level 9 in Earth Magic
  8293 | D:8      | Found a staircase to the Lair.
  8300 | D:8      | Reached XP level 10. HP: 49/83 MP: 12/22
  8652 | D:8      | Learned a level 4 spell: Petrify
  9010 | D:8      | Noticed Kairok's ghost (novice VSAs)
  9142 | D:8      | Found a runed translucent door.
  9283 | D:8      | Found a snail-covered altar of Cheibriados.
  9405 | D:8      | Noticed Grum
  9409 | D:8      | Killed Grum
  9699 | D:8      | Killed Kairok's ghost
  9699 | D:8      | Reached skill level 10 in Earth Magic
  9882 | D:9      | Found a staircase to the Orcish Mines.
 10130 | D:9      | HP: 3/86 [scorpion (9)]
 10487 | D:9      | Found a shimmering altar of Xom.
 11145 | D:10     | Entered Level 10 of the Dungeon
 11319 | D:10     | Reached XP level 11. HP: 88/92 MP: 20/25
 11429 | D:10     | Noticed Joseph
 11432 | D:10     | Killed Joseph
 11667 | D:10     | Noticed Harold
 11700 | D:10     | Killed Harold
 11970 | D:10     | Reached skill level 11 in Earth Magic
 12427 | D:11     | Noticed an orange crystal statue
 12430 | D:11     | Killed an orange crystal statue
 13503 | D:12     | Noticed a rakshasa
 13507 | D:12     | Killed a rakshasa
 13860 | D:12     | Killed an unseen horror
 14309 | D:12     | Killed an unseen horror
 14309 | D:12     | Reached skill level 12 in Earth Magic
 14309 | D:12     | Reached XP level 12. HP: 42/103 MP: 8/28
 15062 | D:13     | Found an iron altar of Okawaru.
 15079 | D:13     | Noticed Snorg
 15099 | D:13     | Killed Snorg
 15580 | D:13     | Noticed Frances
 15586 | D:13     | Killed Frances
 15813 | D:13     | Noticed Sonja
 15814 | D:13     | Killed Sonja
 16451 | D:14     | Reached skill level 13 in Earth Magic
 17023 | D:14     | Noticed a catoblepas
 17030 | D:14     | Killed a catoblepas
 17142 | D:14     | Noticed a vault guard
 17193 | D:14     | Killed a vault guard
 17251 | D:14     | Noticed a vault guard
 17446 | D:14     | Reached XP level 13. HP: 111/111 MP: 30/30
 17463 | D:14     | Noticed Azrael
 17561 | D:15     | Entered Level 15 of the Dungeon
 17620 | D:15     | Identified a scroll of acquirement
 17623 | D:15     | Got an ichor-stained hat
 17629 | D:15     | Identified the +1 hat of Oblivion {rElec MR+ Str+5 Stlth-}
                  | (You acquired it on level 15 of the Dungeon)
 17686 | D:15     | Found a frozen archway.
 17711 | IceCv    | Entered an ice cave
 18000 | IceCv    | Reached skill level 10 in Dodging
 18276 | IceCv    | Reached skill level 10 in Fighting
 18449 | IceCv    | Noticed a frost giant
 18689 | IceCv    | Killed a frost giant
 18689 | IceCv    | Reached skill level 14 in Earth Magic
 18922 | IceCv    | Identified a +0 pair of boots of running (You found it in
                  | an ice cave)
 19479 | D:15     | Found a bloodstained altar of Trog.
 20376 | D:15     | Found a staircase to the Depths.
 20825 | Lair:1   | Entered Level 1 of the Lair of Beasts
 20862 | Lair:1   | Got an encrusted plate armour
 21821 | Lair:2   | Found a staircase to the Shoals.
 21954 | Lair:2   | Found a basalt altar of Yredelemnul.
 22000 | Lair:2   | Noticed Erica
 22004 | Lair:2   | Killed Erica
 22179 | Lair:2   | Reached XP level 14. HP: 100/122 MP: 32/32
 22397 | Lair:2   | Reached skill level 10 in Spellcasting
 22744 | Lair:3   | Found a hole to the Spider Nest.
 23049 | Lair:3   | Identified the +9 plate armour "Beagiust" {rF- rCorr Str+4}
                  | (You acquired it on level 1 of the Lair of Beasts)
 23972 | Lair:4   | Reached skill level 15 in Earth Magic
 24389 | Lair:5   | Found a staircase to the Slime Pits.
 25210 | Slime:1  | Entered Level 1 of the Pits of Slime
 25210 | Slime:1  | Noticed an acid blob
 25223 | Lair:6   | Entered Level 6 of the Lair of Beasts
 25426 | Lair:6   | Found a runed translucent door.
 26772 | Lair:6   | Reached XP level 15. HP: 73/130 MP: 8/34
 27105 | Orc:1    | Entered Level 1 of the Orcish Mines
 27275 | Orc:1    | Found a dark tunnel.
 27283 | Volcano  | Entered a volcano
 27766 | Orc:1    | Reached skill level 16 in Earth Magic
 27952 | Orc:1    | Found a roughly hewn altar of Beogh.
 28292 | Orc:1    | Found a shimmering altar of Xom.
 28574 | Orc:2    | Entered Level 2 of the Orcish Mines
 28574 | Orc:2    | Found a staircase to the Elven Halls.
 29568 | Orc:2    | Paralysed by an ogre mage for 2 turns
 29613 | Orc:2    | Slain by a two-headed ogre

Levels and vault maps discovered:
D:1:      ncdulo_smallfort, layout_basic
D:2:      layout_loops_ring, minmay_pentomino_z2
D:3:      layout_basic
D:4:      layout_cave_pods, kennysheep_little_box, old_standard_altar,
          uniq_purgy
D:5:      layout_gridville, nicolae_ossuary_entry_ruins, first_ration
D:6:      minmay_angry_zag, layout_loops_cross
D:7:      minmay_the_grid_octo_tiled_octocenter
          [minmay_the_grid_octo_concentric, minmay_the_grid_octo_thin_diamonds,
          minmay_the_grid_octo_fan_narrow, minmay_the_grid_octo_chip,
          minmay_the_grid_octo_prize_square_snowflake,
          minmay_the_grid_square_5x5_tri_point,
          minmay_the_grid_square_5x5_minivault, minmay_the_grid_square_5x5_meh,
          minmay_the_grid_square_5x5_three_walls], layout_gridville,
          minmay_temple_entry_mist, the_bakery
D:8:      layout_basic, cheibrodos_worm_habitat, overflow_temple_1_default,
          erik_lair_island, hellmonk_ghost_happy_afterlife, uniq_grum
D:9:      layout_rooms, zombieorc2_lemuel, chequers_big_river, xom_teletrap_fun
D:10:     layout_loops_ring, kennysheep_generic_room_6, uniq_harold, uniq_joseph
D:11:     layout_loops_ring, minmay_statue_bubble
D:12:     layout_basic
D:13:     layout_small_grid, basic_altar, uniq_sonja, uniq_snorg, uniq_frances
D:14:     layout_roguey, grunt_vaults_entry_fortified, serial_bayou_pond_c,
          minmay_statues_item, uniq_azrael
D:15:     grunt_enter_depths_hoard, layout_basic, portal_ice_cave_entry_imps,
          lemuel_centaur_altar
Lair:1:   layout_chaotic_city, serial_bayou_shore_b
Lair:2:   layout_cave_pods, minmay_shoals_entry_hut, basic_altar,
          grunt_megastairs_4, infiniplex_staircase_pool_2, uniq_erica
Lair:3:   layout_big_grid, nicolae_spider_entry_orb_guardian, grunt_megastairs_5
Lair:4:   layout_hall_layers, roderic_carrion_pond
Lair:5:   beast_lair_carwin_large_2, layout_small_grid,
          minmay_slime_entry_pillars, grunt_megastairs_2, lemuel_fruit_fields
Lair:6:   wormcave, layout_long_grid, special_room [special_room_mythical_zoo]
Slime:1:  layout_caves
Orc:1:    layout_diamond_mine, basic_altar, lightli_volcano_entry_magma_tube,
          bh_open_orc_temple
Orc:2:    st_orc_ogre_mass, layout_diamond_mine, hangedman_minor_magic

Skill      XL: |  1  2  3  4  5  6  7  8  9 10 11 12 13 14 15 |
---------------+----------------------------------------------+-----
Dodging        | 2 3 4 5 6 7 8 9 10 11 12 | 12.1
Earth Magic    | 3 4 5 6 7 9 10 12 13 14 15 16 | 16.3
Spellcasting   | 2 3 4 5 6 7 9 10 11 | 11.2
Fighting       | 1 2 3 4 5 7 8 9 10 11 | 11.9
Stealth        | |  1.7
Transmutations | |  0.8

Action                   |  1- 3 |  4- 6 |  7- 9 | 10-12 | 13-15 || total
-------------------------+-------+-------+-------+-------+-------++-------
Melee: Unarmed           |    16 |       |       |       |       ||    16
       Club              |    26 |       |       |       |       ||    26
       Spear             |    16 |    25 |    49 |   550 |   783 ||  1423
       Short sword       |       |    86 |   226 |       |       ||   312
 Cast: Sandblast         |    48 |    56 |    45 |    63 |   131 ||   343
       Lee's Rapid Decon |       |       |    26 |   103 |   147 ||   276
       Petrify           |       |       |       |    28 |    20 ||    48
       Stone Arrow       |       |       |       |    19 |    66 ||    85
Evoke: Wand              |       |       |       |     5 |    43 ||    48
       Lamp of fire      |       |       |       |     1 |     2 ||     3
  Use: Scroll            |     4 |     3 |     8 |     7 |    28 ||    50
       Potion            |       |       |     5 |     8 |     6 ||    19
 Stab: Sleeping          |     3 |     6 |     2 |     6 |       ||    17
       Distracted        |       |       |     1 |     1 |       ||     2
       Petrified         |       |       |       |    12 |       ||    12
  Eat: Chunk             |     2 |     5 |    14 |    31 |    33 ||    85
       Ration            |       |     1 |     2 |     7 |     6 ||    16
Armor: Robe              |     8 |    23 |    68 |     4 |       ||   103
       Skin              |       |       |    21 |       |       ||    21
       Troll leather arm |       |       |       |   113 |   188 ||   301
Dodge: Dodged            |    49 |    93 |   216 |   417 |   987 ||  1762

Table legend:
 A = Non-vault XP
 B = Vault XP
 C = Vault XP percentage of total XP
 D = Non-vault monster count
 E = Vault monster count
 F = Vault count percentage of total count
                 A         B        C        D         E       F
            +---------+---------+-------+---------+---------+-------
      Total |   82233 |   67384 |  45.0 |     590 |     271 |  31.5
            +---------+---------+-------+---------+---------+-------
        D:1 |      29 |       0 |   0.0 |      19 |       0 |   0.0
        D:2 |     100 |       5 |   4.8 |      26 |       2 |   7.1
        D:3 |      52 |       0 |   0.0 |      10 |       0 |   0.0
        D:4 |     147 |     128 |  46.5 |      12 |       1 |   7.7
        D:5 |     670 |       0 |   0.0 |      16 |       0 |   0.0
        D:6 |     791 |     140 |  15.0 |      19 |       3 |  13.6
        D:7 |    1819 |    2116 |  53.8 |      34 |      17 |  33.3
        D:8 |    2083 |    1974 |  48.7 |      45 |      14 |  23.7
        D:9 |    1746 |     865 |  33.1 |      34 |      36 |  51.4
       D:10 |    2652 |    1443 |  35.2 |      32 |       3 |   8.6
       D:11 |    3085 |     737 |  19.3 |      33 |       1 |   2.9
       D:12 |    5529 |       0 |   0.0 |      34 |       0 |   0.0
       D:13 |    5805 |    3978 |  40.7 |      27 |       3 |  10.0
       D:14 |   10442 |    2015 |  16.2 |      40 |       7 |  14.9
       D:15 |    1952 |    2480 |  56.0 |       8 |      18 |  69.2
     Lair:1 |    3368 |       0 |   0.0 |      13 |       0 |   0.0
     Lair:2 |    4632 |    2600 |  36.0 |      24 |       8 |  25.0
     Lair:3 |    4021 |    2142 |  34.8 |      10 |       8 |  44.4
     Lair:4 |    5831 |     618 |   9.6 |      18 |       5 |  21.7
     Lair:5 |    5844 |    5258 |  47.4 |      21 |      14 |  40.0
     Lair:6 |    6833 |   13381 |  66.2 |      15 |      40 |  72.7
      Orc:1 |    6900 |    1037 |  13.1 |      44 |       3 |   6.4
      Orc:2 |    7902 |    4894 |  38.2 |      56 |      10 |  15.2
    Ossuary |       0 |     127 | 100.0 |       0 |      16 | 100.0
      IceCv |       0 |   14984 | 100.0 |       0 |      55 | 100.0
    Volcano |       0 |    6462 | 100.0 |       0 |       7 | 100.0
            +---------+---------+-------+---------+---------+-------
